 Dungeon Crawl Stone Soup version 0.24-a0-439-g6dd8730de2 (webtiles) character file.

Game seed: 12463274789056692118

35886 Ijustatesigmund the Fighter (level 13, -4/148 HPs)
             Began as an Ogre Hunter on June 18, 2019.
             Slain by a hell rat (6 damage)
             ... on level 2 of the Lair of Beasts.
             The game lasted 00:37:39 (18974 turns).

Ijustatesigmund the Fighter (Ogre Hunter)          Turns: 18974, Time: 00:37:40

Health: -4/148     AC: 18    Str: 25    XL:     13   Next: 86%
Magic:  0/13       EV: 12    Int: 15    God:
Gold:   701        SH:  0    Dex: 17    Spells: 12/12 levels left

rFire    + . .     SeeInvis .   a - +0 giant spiked club
rCold    . . .     Gourm    .   (shield currently unavailable)
rNeg     + . .     Faith    .   G - +0 shadow dragon scales
rPois    .         Spirit   +   d - +2 hat {Int+3}
rElec    .         Reflect  .   (no cloak)
rCorr    .         Harm     .   (gloves unavailable)
MR       +....                  (boots unavailable)
Stlth    ++++......             j - amulet of guardian spirit
HPRegen  0.34/turn              e - ring of positive energy
MPRegen  0.13/turn              u - ring of protection from fire

@: mighty, agile, heavily drained
A: large, unfitting armour, iridescent scales 1, slimy green scales 1, screaming
1, tough skin 1
a: no special abilities


You were on level 2 of the Lair of Beasts.
You were not hungry.

You visited 2 branches of the dungeon, and saw 14 of its levels.

You collected 701 gold pieces.

Inventory:

Hand Weapons
 a - a +0 giant spiked club (weapon)
 s - the +11 spear of Descent {pierce, rN+ MR+ Str+4}
   (You found it on level 6 of the Dungeon)

   It inflicts extra damage upon your enemies.
   It affects your strength (+4).
   It protects you from negative energy.
   It affects your resistance to hostile enchantments.
 F - a +3 flail of freezing
Missiles
 c - 4 large rocks (quivered)
Armour
 b - a +1 robe of magic resistance
 d - a +2 hat of intelligence (worn)
 l - a +0 large shield
 t - the +3 crown of Dyrovepreva {rElec Int+2 SInv}
   (You acquired it on level 8 of the Dungeon)

   It affects your intelligence (+2).
   It insulates you from electricity.
   It lets you see invisible.
 z - the +1 buckler of the Hall of Blades {rElec Dex+3, unknown}
   (You found it on level 9 of the Dungeon)

   It affects your dexterity (+3).
   It insulates you from electricity.
 C - +1 acid dragon scales
 G - +0 shadow dragon scales (worn)
Jewellery
 e - a ring of positive energy (left hand)
 i - an uncursed ring of fire
 j - an amulet of guardian spirit (around neck)
 u - a ring of protection from fire (right hand)
 E - an uncursed amulet of faith {unknown}
Wands
 k - a wand of flame (10)
 n - a wand of disintegration (31)
 p - a wand of iceblast (4)
 q - a wand of paralysis (5)
Scrolls
 r - 2 scrolls of fog
 x - 2 scrolls of amnesia
 y - 4 scrolls of remove curse
Potions
 g - 5 potions of flight
 m - 2 potions of cancellation
 o - a potion of brilliance
 v - a potion of curing
 A - a potion of ambrosia
 B - a potion of resistance
Comestibles
 f - 17 rations


   Skills:
 + Level 14.8(12.3) Fighting
 + Level 13.7(11.3) Maces & Flails
 - Level 7.4(5.3) Throwing
 - Level 5.5(3.5) Armour
 + Level 4.7(2.8) Dodging
 - Level 0.6(0.0) Stealth
 - Level 3.8(2.0) Shields


You had 12 spell levels left.
You didn't know any spells.
Your spell library contained the following spells:

 Spells                   Type           Power        Failure   Level  Hunger
 Sandblast                Erth           #.....       88%         1    ##.....
 Passwall                 Tmut/Erth      #.......     95%         2    ###....
 Stone Arrow              Conj/Erth      #.....       99%         3    ####...
 Petrify                  Tmut/Erth      #.......     100%        4    #####..
 Lee's Rapid Deconstruct  Erth           #.........   100%        5    ######.


Dungeon Overview and Level Annotations

Branches:
Dungeon (12/15)            Temple (0/1) D:4            Lair (2/6) D:11
    Orc (0/2) D:10
  Swamp: Lair:2-4    Shoals: Lair:2-4     Snake: Lair:2-4    Spider: Lair:2-4

Altars:
Ashenzari
Dithmenos
Fedhas
Hepliaklqana
Qazlal
Sif Muna
Trog
Wu Jian

Shops:
D:9 }*[

Annotations:
D:7 2 transporters, Amnesiac's ghost, novice MfSk
D:12 exclusion: 2 oklob plants, Fannar


Innate Abilities, Weirdness & Mutations

You are too large for most types of armour.
You have tough skin. (AC +1)
You are partially covered in iridescent scales. (AC +2)
You are partially covered in slimy green scales. (AC +2)
You occasionally shout uncontrollably at your foes.


Message History

The hell rat closely misses you.
You bludgeon the hell rat!!
You kill the hell rat!
You feel less invigorated.
You feel less confused. The hell rat bites you!
* * * LOW HITPOINT WARNING * * *
You partially resist.
You feel drained.
* * * LOW HITPOINT WARNING * * *
The hell rat bites you. You partially resist.
You feel drained.
You closely miss the hell rat. The hell rat bites you!
* * * LOW HITPOINT WARNING * * *
The hell rat completely misses you. The hell rat barely misses you.
The hell rat bites you!
* * * LOW HITPOINT WARNING * * *
Unknown command.
You puncture the hell rat!
You kill the hell rat!
The hell rat bites you.
You die...

#P.......###...#
###............# ##.#.
#.#..........#..### P....
##............###.##.....
##...............#.......
#........................
P........................
................†r†..#
................@.#
................###
............#...P#
..........#.###P.#
#.#...<###### ####
.#####P# ## ###


You could see a hell rat.

Vanquished Creatures
  Gastronok (Lair:1)
  2 hydras (Lair:1)
  2 two-headed ogres (D:10)
  2 death yaks (D:10)
  An unseen horror (D:10)
  Pikel (D:7)
  The ghost of Sassenached the Reanimator, a novice DsNe (D:6)
  An ugly thing (D:12)
  A black mamba (Lair:1)
  A gargoyle (D:11)
  A centaur skeleton (D:12)
  A rime drake (Lair:2)
  3 spiny frogs (Lair:2)
  2 trolls (D:10)
  2 hornets
  5 slime creatures (D:12)
  7 hippogriffs
  2 wyverns
  A wraith (D:11)
  12 yaks
  A hungry ghost (D:12)
  4 water moccasins
  An acid dragon (D:11)
  Duvessa (D:5)
  2 porcupines
  3 ice beasts
  2 slaves (D:7)
  6 sky beasts
  2 phantoms
  A necrophage (D:10)
  2 orc warriors
  6 ogres
  3 centaurs
  10 crocodiles
  3 big kobolds
  12 bullfrogs
  Dowan (D:5)
  A scorpion (D:7)
  8 killer bees (D:8)
  11 wights
  2 howler monkeys
  7 crimson imps
  A bullfrog zombie (D:6)
  3 jellies
  A quasit (D:7)
  5 hounds
  9 orc priests
  2 bullfrog skeletons
  11 orc wizards
  2 iguanas
  10 hell rats
  5 worker ants
  A hound zombie (D:5)
  2 hound skeletons
  18 adders
  A shadow imp (D:9)
  2 oozes
  An adder zombie (D:7)
  3 adder skeletons
  5 worms
  3 dart slugs
  7 leopard geckos
  39 orcs
  4 giant cockroaches
  7 goblins
  9 hobgoblins
  5 jackals
  7 quokkas
  A ball python (D:3)
  9 bats
  5 frilled lizards
  A jackal skeleton (D:6)
  26 kobolds
  A leopard gecko skeleton (D:8)
  14 rats
358 creatures vanquished.

Vanquished Creatures (others)
  A bullfrog (D:7)
  A fungus (Lair:2)
  A plant (Lair:2)
3 creatures vanquished.

Grand Total: 361 creatures vanquished

Notes
Turn   | Place    | Note
-------+----------+-------------------------------------------
     0 | D:1      | Ijustatesigmund the Ogre Hunter began the quest for the
                  | Orb.
     0 | D:1      | Reached XP level 1. HP: 22/22 MP: 1/1
    33 | D:1      | Reached skill level 3 in Fighting
    76 | D:1      | Reached XP level 2. HP: 8/32 MP: 2/2
   381 | D:1      | Reached skill level 4 in Fighting
   927 | D:1      | Reached XP level 3. HP: 36/40 MP: 3/3
  1198 | D:2      | Found a faded altar of an unknown god.
  1333 | D:2      | Reached skill level 1 in Maces & Flails
  1728 | D:2      | Reached XP level 4. HP: 48/49 MP: 4/4
  1877 | D:2      | Reached skill level 5 in Fighting
  2963 | D:3      | Reached XP level 5. HP: 56/57 MP: 5/5
  3716 | D:4      | Reached skill level 1 in Shields
  3865 | D:4      | Found a staircase to the Ecumenical Temple.
  3885 | D:4      | Reached XP level 6. HP: 52/67 MP: 6/6
  4309 | D:4      | Reached skill level 6 in Fighting
  4443 | D:4      | Reached XP level 7. HP: 26/76 MP: 7/7
  5005 | D:5      | Entered Level 5 of the Dungeon
  5005 | D:5      | Noticed Dowan
  5006 | D:5      | Noticed Duvessa
  5094 | D:5      | Gained mutation: You occasionally shout uncontrollably at
                  | your foes. [potion of mutation]
  5094 | D:5      | Gained mutation: You are partially covered in slimy green
                  | scales. (AC +2) [potion of mutation]
  5094 | D:5      | Gained mutation: You are partially covered in iridescent
                  | scales. (AC +2) [potion of mutation]
  6028 | D:5      | Reached skill level 7 in Fighting
  6053 | D:5      | Killed Duvessa
  6055 | D:5      | Killed Dowan
  6175 | D:5      | Reached XP level 8. HP: 74/87 MP: 6/8
  6505 | D:6      | Reached skill level 5 in Maces & Flails
  6513 | D:6      | Reached skill level 8 in Fighting
  6780 | D:6      | Found a runed translucent door.
  6789 | D:6      | Noticed Sassenached's ghost (novice DsNe)
  6838 | D:6      | Killed Sassenached's ghost
  6838 | D:6      | Reached skill level 9 in Fighting
  6838 | D:6      | Reached XP level 9. HP: 50/100 MP: 5/9
  7092 | D:6      | Got an ichor-stained spear
  7093 | D:6      | Identified the +11 spear of Descent {pierce, rN+ MR+ Str+4}
                  | (You found it on level 6 of the Dungeon)
  7545 | D:7      | Found a bloodstained altar of Trog.
  7720 | D:7      | Found a transporter.
  7722 | D:7      | Noticed Amnesiac's ghost (novice MfSk)
  7724 | D:7      | Noticed a moth of wrath
  7728 | D:7      | Noticed a hornet
  7732 | D:7      | Killed a hornet
  7732 | D:7      | Reached skill level 10 in Fighting
  7847 | D:7      | Noticed Pikel
  7854 | D:7      | Killed Pikel
  8062 | D:7      | Reached XP level 10. HP: 104/111 MP: 10/10
  8255 | D:7      | Found a transporter.
  8336 | D:8      | Reached skill level 11 in Fighting
  9017 | D:8      | Identified a scroll of acquirement
  9018 | D:8      | Found the +3 crown of Dyrovepreva {rElec Int+2 SInv}
  9140 | D:8      | Reached skill level 10 in Maces & Flails
  9466 | D:8      | Found a faded altar of an unknown god.
  9466 | D:8      | Found a shattered altar of Ashenzari.
  9471 | D:8      | Found a shadowy altar of Dithmenos.
  9473 | D:8      | Found a faded altar of an unknown god.
  9475 | D:8      | Found an ornate altar of the Wu Jian Council.
 10002 | D:8      | Reached skill level 12 in Fighting
 10219 | D:9      | Found a hazy altar of Hepliaklqana.
 10264 | D:10     | Entered Level 10 of the Dungeon
 10264 | D:10     | Noticed a two-headed ogre
 10264 | D:10     | Noticed an unseen horror
 10680 | D:9      | Reached XP level 11. HP: 124/124 MP: 11/11
 10708 | D:9      | Found Modelowy's Gadget Shoppe.
 10813 | D:9      | Got a crude buckler
 11005 | D:9      | Found a deep blue altar of Sif Muna.
 11006 | D:9      | Found a stormy altar of Qazlal.
 11041 | D:9      | Found Lymenwaw's General Store.
 11271 | D:9      | Found Ycegem's Armour Boutique.
 11782 | D:10     | Killed a two-headed ogre
 12009 | D:10     | Found a staircase to the Orcish Mines.
 12144 | D:10     | Noticed a two-headed ogre
 12159 | D:10     | Killed a two-headed ogre
 12159 | D:10     | Reached skill level 13 in Fighting
 13106 | D:10     | Killed an unseen horror
 13855 | D:11     | Noticed a death yak
 13857 | D:11     | Noticed a death yak
 13857 | D:11     | Noticed a death yak
 14519 | D:12     | Noticed a red ugly thing
 14530 | D:12     | Killed a red ugly thing
 14768 | D:12     | Found a blossoming altar of Fedhas.
 14770 | D:12     | Noticed an oklob plant
 14770 | D:12     | Noticed an oklob plant
 14827 | D:12     | Noticed a green ugly thing
 14828 | D:12     | Noticed Fannar
 15185 | D:12     | Reached XP level 12. HP: 137/137 MP: 12/12
 15392 | D:12     | Paralysed by a wight for 7 turns
 15402 | D:12     | Reached skill level 14 in Fighting
 15408 | D:12     | Paralysed by a wight for 4 turns
 15688 | D:10     | Killed a death yak
 15840 | D:10     | Killed a death yak
 16182 | D:11     | Found a staircase to the Lair.
 16412 | Lair:1   | Entered Level 1 of the Lair of Beasts
 16469 | Lair:1   | HP: 7/208 [black mamba (9)]
 16473 | Lair:1   | HP: 2/208 [crocodile (2)]
 16512 | Lair:1   | Noticed Gastronok
 16919 | Lair:1   | Killed Gastronok
 16919 | Lair:1   | Reached skill level 1 in Armour
 17208 | Lair:1   | Noticed a five-headed hydra
 17212 | Lair:1   | Killed a five-headed hydra
 17367 | Lair:1   | Noticed a four-headed hydra
 17374 | Lair:1   | Killed a four-headed hydra
 17731 | Lair:2   | Reached skill level 5 in Armour
 17731 | Lair:2   | Reached XP level 13. HP: 143/148 MP: 13/13
 18973 | Lair:2   | HP: 1/148 [hell rat (7)]
 18974 | Lair:2   | Slain by a hell rat

Levels and vault maps discovered:
D:1:      minmay_arrival_plants_in_alcoves, layout_rooms
D:2:      layout_loops_corners, chequers_ecumenical_altar_island,
          serial_park_tiny_pond, kennysheep_decorative_pillar
D:3:      layout_loops_ring, first_ration, minivault_4
D:4:      layout_loops_ring, minmay_temple_entry_overgrown,
          minmay_goblin_outpost
D:5:      layout_rooms, uniq_duvessa
D:6:      layout_basic, ebering_ghost_sewer_d
D:7:      minmay_evil_eye, layout_basic, overflow_temple_1_default,
          gammafunk_ghost_berserking_beasts, uniq_pikel
D:8:      layout_loops_ring, chequers_temple_overflow_minitemple
D:9:      layout_stronghold, grunt_temple_overflow_open, serial_shops, shop,
          kennysheep_mini_moat, shop
D:10:     layout_roguey, orc_0_dummy
D:11:     layout_cave_pods, dpeg_lair_monsters
D:12:     layout_irregular_city, hangedman_pestilent_swarm,
          hangedman_decor_growths, hangedman_tree_tricks, led_sif_book,
          uniq_fannar
Lair:1:   layout_misc_corridors, uniq_gastronok
Lair:2:   layout_cave_pods, grunt_megastairs_4

Skill      XL: |  1  2  3  4  5  6  7  8  9 10 11 12 |
---------------+-------------------------------------+-----
Fighting       | 3 4 5 6 7 9 10 12 13 14 | 14.8
Maces & Flails | 1 2 3 4 7 9 11 12 13 | 13.7
Shields        | 2 3 |  3.8
Dodging        | 3 4 |  4.7
Armour         | 5 |  5.5
Throwing       | 7 |  7.4
Stealth        | |  0.6

Action                   |  1- 3 |  4- 6 |  7- 9 | 10-12 | 13-15 || total
-------------------------+-------+-------+-------+-------+-------++-------
Melee: Short sword       |    91 |       |       |       |       ||    91
       Club              |     7 |       |       |       |       ||     7
       Whip              |    46 |    80 |       |       |       ||   126
       Flail             |       |   179 |    59 |       |       ||   238
       Giant club        |       |       |   225 |   349 |       ||   574
       Giant spiked club |       |       |       |   236 |    85 ||   321
Throw: Large rock        |     2 |     2 |     7 |    12 |     3 ||    26
       Throwing net      |       |       |     1 |     4 |       ||     5
Evoke: Wand              |       |       |     4 |    17 |       ||    21
  Use: Potion            |     1 |       |     8 |    13 |     5 ||    27
       Scroll            |       |     9 |     9 |    17 |     1 ||    36
 Stab: Sleeping          |     1 |     3 |     1 |     2 |       ||     7
       Distracted        |       |     1 |       |       |       ||     1
       Invisible         |       |       |     1 |       |       ||     1
       Held in net/web   |       |       |       |     2 |       ||     2
  Eat: Chunk             |     1 |    11 |     9 |    16 |       ||    37
       Ration            |       |       |     1 |     5 |     1 ||     7
Armor: Robe              |    47 |    63 |   143 |   273 |       ||   526
       Acid dragon scale |       |       |       |   101 |    23 ||   124
       Skin              |       |       |       |    11 |       ||    11
       Shadow dragon sca |       |       |       |       |    20 ||    20
Dodge: Dodged            |   101 |    94 |   166 |   424 |    85 ||   870
Block: Large shield      |       |   117 |    60 |       |       ||   177

Table legend:
 A = Non-vault XP
 B = Vault XP
 C = Vault XP percentage of total XP
 D = Non-vault monster count
 E = Vault monster count
 F = Vault count percentage of total count
                 A         B        C        D         E       F
            +---------+---------+-------+---------+---------+-------
      Total |   25028 |    6438 |  20.5 |     327 |      29 |   8.1
            +---------+---------+-------+---------+---------+-------
        D:1 |      35 |       0 |   0.0 |      20 |       0 |   0.0
        D:2 |     108 |       0 |   0.0 |      33 |       0 |   0.0
        D:3 |     101 |       0 |   0.0 |      24 |       0 |   0.0
        D:4 |     405 |      12 |   2.9 |      21 |       6 |  22.2
        D:5 |     385 |     229 |  37.3 |      13 |       2 |  13.3
        D:6 |     981 |     685 |  41.1 |      22 |       4 |  15.4
        D:7 |     814 |     963 |  54.2 |      15 |       6 |  28.6
        D:8 |    1879 |       0 |   0.0 |      41 |       0 |   0.0
        D:9 |    3100 |       0 |   0.0 |      33 |       0 |   0.0
       D:10 |    4662 |    1765 |  27.5 |      29 |       2 |   6.5
       D:11 |    2384 |     287 |  10.7 |      27 |       7 |  20.6
       D:12 |    3021 |       0 |   0.0 |      15 |       0 |   0.0
     Lair:1 |    3186 |    2390 |  42.9 |       9 |       1 |  10.0
     Lair:2 |    3967 |     107 |   2.6 |      25 |       1 |   3.8
            +---------+---------+-------+---------+---------+-------
